Workbook

Sheet Rates
A2: ITEM TYPE | B2: UNIT TYPE | C2: Year 1 | D2: Year 2 | E2: Year 3
A3: Labour Rate | B3: shift
A4: General labour - normal overtime | B4: hour | C4: =C3/9*1.1 -> 0 | D4: =D3/9*1.1 -> 0 | E4: =E3/9*1.1 -> 0
A5: General labour- Saturday overtime (x1.5) | B5: hour | C5: =C3/9*1.8 -> 0 | D5: =D3/9*1.8 -> 0 | E5: =E3/9*1.8 -> 0
A6: General labour - overtime Sunday/Public holiday (x2) | B6: hour | C6: =C3/9*2.5 -> 0 | D6: =D3/9*2.5 -> 0 | E6: =E3/9*2.5 -> 0
A7: General labour - standby (wknd) | B7: day
A8: Driver operator- Shift | B8: day
A9: Driver - normal overtime | B9: hour | C9: =C8/9*1.1 -> 0 | D9: =D8/9*1.1 -> 0 | E9: =E8/9*1.1 -> 0
A10: Driver - overtime Sunday/Public holiday | B10: hour | C10: =C9*2 -> 0 | D10: =D9*2 -> 0 | E10: =E9*2 -> 0
A11: Driver - standby (wknd) | B11: day
A12: Fire fighting - working hours | B12: hour
A13: Fire fighting: Labour carrier | B13: km
A14: Fire fighting: LDV | B14: km
A15: Fire fighting - Bulk Tanker/fire truck | B15: km
A16: Chainsaw wet rate | B16: day
A17: Brushcutter wet rate | B17: day
A18: Lawnmower rate | B18: day
A19: weekly refuse removal from the offices, residence to the dumping site | B19: weekly
A21: MECHANISED ACTIVITIES
A22: Planting | B22: R/Ha
A23: Watering | B23: R/Ha
A24: Weeding before plant | B24: R/Ha
A25: Fire breaks
A26: Land preparation | B26: R/Ha
A27: Weeding after plant | B27: R/Ha

Sheet Qoutation
A1: SILVICULTURE PRICING SCHEDULE
A3: Bidders Name
A5: Plantation Name | B5: Jessievale | E5: Rate Yr1 | F5: Rate Yr2 | G5: Rate Yr3 | H5: Total Yr1 | I5: Total Yr2 | J5: Total Yr3
B6: Year 1 | C6: year 2 | D6: Year 3
A7: Activities | B7: Man-days
A8: Establishment | B8: 5796 | C8: 5911 | D8: 5680 | H8: =B8*$E$6 -> 0 | I8: =C8*$F$6 -> 0 | J8: =D8*$G$6 -> 0
A9: Protection | B9: 9278 | C9: 9282 | D9: 9282 | H9: =B9*$E$6 -> 0 | I9: =C9*$F$6 -> 0 | J9: =D9*$G$6 -> 0
A10: Weeding | B10: 9000 | C10: 9000 | D10: 9000 | H10: =B10*$E$6 -> 0 | I10: =C10*$F$6 -> 0 | J10: =D10*$G$6 -> 0
A11: Tending | B11: 11000 | C11: 11000 | D11: 11000 | H11: =B11*$E$6 -> 0 | I11: =C11*$F$6 -> 0 | J11: =D11*$G$6 -> 0
A12: Conservation | B12: 2500 | C12: 2500 | D12: 2500 | H12: =B12*$E$6 -> 0 | I12: =C12*$F$6 -> 0 | J12: =D12*$G$6 -> 0
A13: Pruning | B13: 5355 | C13: 5500 | D13: 5500 | H13: =B13*$E$6 -> 0 | I13: =C13*$F$6 -> 0 | J13: =D13*$G$6 -> 0
A14: Supply of labour (PTM, EHM) | B14: 3200 | C14: 3200 | D14: 3200 | H14: =B14*$E$6 -> 0 | I14: =C14*$F$6 -> 0 | J14: =D14*$G$6 -> 0
A15: Supply of Labour for Research trials | B15: 275 | C15: 275 | D15: 275 | H15: =B15*$E$6 -> 0 | I15: =C15*$F$6 -> 0 | J15: =D15*$G$6 -> 0
A16: Road clearing , Village maintenance. | B16: 1888 | C16: 1888 | D16: 1888 | H16: =B16*$E$6 -> 0 | I16: =C16*$F$6 -> 0 | J16: =D16*$G$6 -> 0
A17: Gardening | B17: 800 | C17: 800 | D17: 800 | H17: =B17*E6 -> 0 | I17: =C17*F6 -> 0 | J17: =D17*G6 -> 0
E18: Totals | H18: =SUM(H8:H17) -> 0 | I18: =SUM(I8:I17) -> 0 | J18: =SUM(J8:J17) -> 0
E19: Grand Total | H19: =SUM(H18:J18) -> 0
A21: Other Ad hoc work | B21: Year 1 | C21: year 2 | D21: Year 3 | E21: Rate Yr1 | F21: Rate Yr2 | G21: Rate Yr3 | H21: Total Yr1 | I21: Total Yr2 | J21: Total Yr3
A22: Normal overtime (Rate/hr) | B22: 2900 | C22: 2900 | D22: 2900 | H22: =B22*E22 -> 0 | I22: =C22*F22 -> 0 | J22: =D22*G22 -> 0
A23: Saterday overtime (Rate/hr) | B23: 2000 | C23: 2000 | D23: 2000
A24: Sunday overtime (Rate/hr) | B24: 2300 | C24: 2300 | D24: 2300 | H24: =B24*E24 -> 0 | I24: =C24*F24 -> 0 | J24: =D24*G24 -> 0
A25: Standby (Rate/day) | B25: 3000 | C25: 3000 | D25: 3000 | H25: =B25*E25 -> 0 | I25: =C25*F25 -> 0 | J25: =D25*G25 -> 0
A26: Chainsaw wet rate | B26: 500 | C26: 500 | D26: 500 | H26: =B26*E26 -> 0 | I26: =C26*F26 -> 0 | J26: =D26*G26 -> 0
A27: Brushcutter wet rate | B27: 200 | C27: 200 | D27: 200 | H27: =B27*E27 -> 0 | I27: =C27*F27 -> 0 | J27: =D27*G27 -> 0
A28: Lawnmower rate | B28: 300 | C28: 300 | D28: 300 | H28: =B28*E28 -> 0 | I28: =C28*F28 -> 0 | J28: =D28*G28 -> 0
A29: Driver operator | B29: 50 | C29: 50 | D29: 50 | H29: =B29*E29 -> 0 | I29: =C29*F29 -> 0 | J29: =D29*G29 -> 0
A30: weekly refuse removal from the offices, residence to the dumping site | B30: 52 | C30: 52 | D30: 52 | H30: =B30*E30 -> 0 | I30: =C30*F30 -> 0 | J30: =D30*G30 -> 0
A31: Running cost - Bulk Tanker/fire truck | B31: 200 | C31: 200 | D31: 200 | H31: =B31*E31 -> 0 | I31: =C31*F31 -> 0 | J31: =D31*G31 -> 0
A32: Bakkie fire fighting (R/km) | B32: 200 | C32: 200 | D32: 200 | H32: =B32*E32 -> 0 | I32: =C32*F32 -> 0 | J32: =D32*G32 -> 0
A33: Truck 8 ton (R/km) | B33: 200 | C33: 200 | D33: 200 | H33: =B33*E33 -> 0 | I33: =C33*F33 -> 0 | J33: =D33*G33 -> 0
G34: TOTALS | H34: =SUM(H22:H33) -> 0 | I34: =SUM(I22:I33) -> 0 | J34: =SUM(J22:J33) -> 0
A35: SILVICULTURE PRICING SCHEDULE
A37: Bidders Name
A40: Plantation Name | B40: ROBURNIA | E40: Rate Yr1 | F40: Rate Yr2 | G40: Rate Yr3 | H40: Total Yr1 | I40: Total Yr2 | J40: Total Yr3
B41: Year 1 | C41: year 2 | D41: Year 3
A42: Activities | B42: Man-days
A43: Establishment | B43: 4500 | C43: 4500 | D43: 4500 | H43: =B43*$E$41 -> 0 | I43: =C43*$F$41 -> 0 | J43: =D43*$G$41 -> 0
A44: Protection | B44: 10000 | C44: 10000 | D44: 10000 | H44: =B44*$E$41 -> 0 | I44: =C44*$F$41 -> 0 | J44: =D44*$G$41 -> 0
A45: Weeding | B45: 9000 | C45: 9000 | D45: 9000 | H45: =B45*$E$41 -> 0 | I45: =C45*$F$41 -> 0 | J45: =D45*$G$41 -> 0
A46: Tending | B46: 9475 | C46: 9475 | D46: 9475 | H46: =B46*$E$41 -> 0 | I46: =C46*$F$41 -> 0 | J46: =D46*$G$41 -> 0
A47: Conservation | B47: 4000 | C47: 4000 | D47: 4000 | H47: =B47*$E$41 -> 0 | I47: =C47*$F$41 -> 0 | J47: =D47*$G$41 -> 0
A48: Pruning | B48: 4500 | C48: 4500 | D48: 4500 | H48: =B48*$E$41 -> 0 | I48: =C48*$F$41 -> 0 | J48: =D48*$G$41 -> 0
A49: Supply of labour (PTM, EHM) | B49: 1257 | C49: 1257 | D49: 1257 | H49: =B49*$E$41 -> 0 | I49: =C49*$F$41 -> 0 | J49: =D49*$G$41 -> 0
A50: Supply of Labour for Research trials | B50: 275 | C50: 275 | D50: 275 | H50: =B50*$E$41 -> 0 | I50: =C50*$F$41 -> 0 | J50: =D50*$G$41 -> 0
A51: Road clearing , Village maintenance. | B51: 2552 | C51: 2552 | D51: 2552 | H51: =B51*$E$41 -> 0 | I51: =C51*$F$41 -> 0 | J51: =D51*$G$41 -> 0
A52: gardening | B52: 1250 | C52: 1250 | D52: 1250 | H52: =B52*$E$41 -> 0 | I52: =C52*$F$41 -> 0 | J52: =D52*$G$41 -> 0
E53: Totals | H53: =SUM(H43:H52) -> 0 | I53: =SUM(I43:I52) -> 0 | J53: =SUM(J43:J52) -> 0
E54: Grand Total | H54: =SUM(H53:J53) -> 0
A56: Other Ad hoc work | B56: Year 1 | C56: year 2 | D56: Year 3 | E56: Rate Yr1 | F56: Rate Yr2 | G56: Rate Yr3 | H56: Total Yr1 | I56: Total Yr2 | J56: Total Yr3
A57: Normal overtime (Rate/hr) | B57: 3000 | C57: 3000 | D57: 3000 | H57: =B57*E57 -> 0 | I57: =C57*F57 -> 0 | J57: =D57*G57 -> 0
A58: Saterday overtime (Rate/hr) | B58: 3000 | C58: 3000 | D58: 3000
A59: Sunday overtime (Rate/hr) | B59: 2000 | C59: 2000 | D59: 2000 | H59: =B59*E59 -> 0 | I59: =C59*F59 -> 0 | J59: =D59*G59 -> 0
A60: Standby (Rate/day) | B60: 3000 | C60: 3000 | D60: 3000 | H60: =B60*E60 -> 0 | I60: =C60*F60 -> 0 | J60: =D60*G60 -> 0
A61: Chainsaw wet rate | B61: 696 | C61: 696 | D61: 696 | H61: =B61*E61 -> 0 | I61: =C61*F61 -> 0 | J61: =D61*G61 -> 0
A62: Brushcutter wet rate | B62: 232 | C62: 232 | D62: 232 | H62: =B62*E62 -> 0 | I62: =C62*F62 -> 0 | J62: =D62*G62 -> 0
A63: Lawnmower rate | B63: 232 | C63: 232 | D63: 232 | H63: =B63*E63 -> 0 | I63: =C63*F63 -> 0 | J63: =D63*G63 -> 0
A64: Driver operator | B64: 10 | C64: 10 | D64: 10 | H64: =B64*E64 -> 0 | I64: =C64*F64 -> 0 | J64: =D64*G64 -> 0
A65: weekly refuse removal from the offices, residence to the dumping site | B65: 52 | C65: 52 | D65: 52 | H65: =B65*E65 -> 0 | I65: =C65*F65 -> 0 | J65: =D65*G65 -> 0
A66: Running cost - Bulk Tanker/fire truck | B66: 200 | C66: 200 | D66: 200 | H66: =B66*E66 -> 0 | I66: =C66*F66 -> 0 | J66: =D66*G66 -> 0
A67: Bakkie fire fighting (R/km) | B67: 200 | C67: 200 | D67: 200 | H67: =B67*E67 -> 0 | I67: =C67*F67 -> 0 | J67: =D67*G67 -> 0
A68: Truck 8 ton (R/km) | B68: 200 | C68: 200 | D68: 200 | H68: =B68*E68 -> 0 | I68: =C68*F68 -> 0 | J68: =D68*G68 -> 0
G69: TOTALS | H69: =SUM(H57:H68) -> 0 | I69: =SUM(I57:I68) -> 0 | J69: =SUM(J57:J68) -> 0
A71: SILVICULTURE PRICING SCHEDULE
A73: Bidders Name
A76: Plantation Name | B76: BELFAST | E76: Rate Yr1 | F76: Rate Yr2 | G76: Rate Yr3 | H76: Total Yr1 | I76: Total Yr2 | J76: Total Yr3
B77: Year 1 | C77: year 2 | D77: Year 3
A78: Activities | B78: Man-days
A79: Establishment | B79: 5576 | C79: 6133 | D79: 6748 | H79: =B79*$E$77 -> 0 | I79: =C79*$F$77 -> 0 | J79: =D79*$G$77 -> 0
A80: Protection | B80: 4000 | C80: 4000 | D80: 4000 | H80: =B80*$E$77 -> 0 | I80: =C80*$F$77 -> 0 | J80: =D80*$G$77 -> 0
A81: Weeding | B81: 2800 | C81: 3080 | D81: 3400 | H81: =B81*$E$77 -> 0 | I81: =C81*$F$77 -> 0 | J81: =D81*$G$77 -> 0
A82: Tending | B82: 5678 | C82: 6313 | D82: 7035 | H82: =B82*$E$77 -> 0 | I82: =C82*$F$77 -> 0 | J82: =D82*$G$77 -> 0
A83: Conservation | B83: 1565 | C83: 1722 | D83: 1894 | H83: =B83*$E$77 -> 0 | I83: =C83*$F$77 -> 0 | J83: =D83*$G$77 -> 0
A84: Pruning | B84: 2736 | C84: 2300 | D84: 2000 | H84: =B84*$E$77 -> 0 | I84: =C84*$F$77 -> 0 | J84: =D84*$G$77 -> 0
A85: Supply of labour (PTM, EHM) | B85: 1757 | C85: 1757 | D85: 1757 | H85: =B85*$E$77 -> 0 | I85: =C85*$F$77 -> 0 | J85: =D85*$G$77 -> 0
A86: Supply of Labour for Research trials | B86: 275 | C86: 275 | D86: 275 | H86: =B86*$E$77 -> 0 | I86: =C86*$F$77 -> 0 | J86: =D86*$G$77 -> 0
A87: Road clearing , Village maintenance. | B87: 960 | C87: 1056 | D87: 1160 | H87: =B87*$E$77 -> 0 | I87: =C87*$F$77 -> 0 | J87: =D87*$G$77 -> 0
A88: Gardening | B88: 500 | C88: 500 | D88: 500 | H88: =B88*$E$77 -> 0 | I88: =C88*$F$77 -> 0 | J88: =D88*$G$77 -> 0
E89: Totals | H89: =SUM(H79:H88) -> 0 | I89: =SUM(I79:I88) -> 0 | J89: =SUM(J79:J88) -> 0
E90: Grand Total | H90: =SUM(H89:J89) -> 0
A92: Other Ad hoc work | B92: Year 1 | C92: year 2 | D92: Year 3 | E92: Rate Yr1 | F92: Rate Yr2 | G92: Rate Yr3 | H92: Total Yr1 | I92: Total Yr2 | J92: Total Yr3
A93: Normal overtime (Rate/hr) | B93: 1700 | C93: 1700 | D93: 1700 | H93: =B93*E93 -> 0 | I93: =C93*F93 -> 0 | J93: =D93*G93 -> 0
A94: Saterday overtime (Rate/hr) | B94: 1000 | C94: 1000 | D94: 1000
A95: Sunday overtime (Rate/hr) | B95: 1000 | C95: 1000 | D95: 1000 | H95: =B95*E95 -> 0 | I95: =C95*F95 -> 0 | J95: =D95*G95 -> 0
A96: Standby (Rate/day) | B96: 2100 | C96: 2100 | D96: 2100 | H96: =B96*E96 -> 0 | I96: =C96*F96 -> 0 | J96: =D96*G96 -> 0
A97: Chainsaw wet rate | B97: 800 | C97: 800 | D97: 800 | H97: =B97*E97 -> 0 | I97: =C97*F97 -> 0 | J97: =D97*G97 -> 0
A98: Brushcutter wet rate | B98: 200 | C98: 200 | D98: 200 | H98: =B98*E98 -> 0 | I98: =C98*F98 -> 0 | J98: =D98*G98 -> 0
A99: Lawnmower rate | B99: 500 | C99: 500 | D99: 500 | H99: =B99*E99 -> 0 | I99: =C99*F99 -> 0 | J99: =D99*G99 -> 0
A100: Driver operator | B100: 80 | C100: 80 | D100: 80 | H100: =B100*E100 -> 0 | I100: =C100*F100 -> 0 | J100: =D100*G100 -> 0
A101: weekly refuse removal from the offices, residence to the dumping site | B101: 52 | C101: 52 | D101: 52 | H101: =B101*E101 -> 0 | I101: =C101*F101 -> 0 | J101: =D101*G101 -> 0
A102: Running cost - Bulk Tanker/fire truck | B102: 200 | C102: 200 | D102: 200 | H102: =B102*E102 -> 0 | I102: =C102*F102 -> 0 | J102: =D102*G102 -> 0
A103: Bakkie fire fighting (R/km) | B103: 200 | C103: 200 | D103: 200 | H103: =B103*E103 -> 0 | I103: =C103*F103 -> 0 | J103: =D103*G103 -> 0
A104: Truck 8 ton (R/km) | B104: 200 | C104: 200 | D104: 200 | H104: =B104*E104 -> 0 | I104: =C104*F104 -> 0 | J104: =D104*G104 -> 0
G105: TOTALS | H105: =SUM(H93:H104) -> 0 | I105: =SUM(I93:I104) -> 0 | J105: =SUM(J93:J104) -> 0
A107: SILVICULTURE PRICING SCHEDULE
A109: Bidders Name
A112: Plantation Name | B112: BLYDE | E112: Rate Yr1 | F112: Rate Yr2 | G112: Rate Yr3 | H112: Total Yr1 | I112: Total Yr2 | J112: Total Yr3
B113: Year 1 | C113: year 2 | D113: Year 3
A114: Activities | B114: Man-days
A115: Establishment | B115: 2000 | C115: 2200 | D115: 2400 | H115: =B115*$E$113 -> 0 | I115: =C115*$F$113 -> 0 | J115: =D115*$G$113 -> 0
A116: Protection | B116: 5525 | C116: 5525 | D116: 5525 | H116: =B116*$E$113 -> 0 | I116: =C116*$F$113 -> 0 | J116: =D116*$G$113 -> 0
...

Sheet Contract Value
A6: BIDDER'S NAME
A8: PLANTATION | C8: =Qoutation!$B$5 -> Jessievale
B12: CORE SILVICULTURE | D12: =Qoutation!H19 -> 0
B13: AD HOC ACTIVITIES | D13: =SUM(Qoutation!H34:J34) -> 0
C15: TOTAL | D15: =D12+D13 -> 0
C16: VAT @15% | D16: =D15*0.15 -> 0
B18: GRAND TOTAL | D18: =D15+D16 -> 0
B20: TOTAL IN WORDS
A29: 1. Failure to fully complete the document (Annexure B) will be disqualified
A30: 2. Bidders to provide SAFCOL with market related rates as bidders who quotes within a certain market range will be appointed
A40: BIDDER'S NAME
A42: PLANTATION | C42: =Qoutation!$B$40 -> ROBURNIA
B46: CORE SILVICULTURE | D46: =Qoutation!H54 -> 0
B47: AD HOC ACTIVITIES | D47: =SUM(Qoutation!H69:J69) -> 0
C49: TOTAL | D49: =D46+D47 -> 0
C50: VAT @15% | D50: =D49*0.15 -> 0
B52: GRAND TOTAL | D52: =D49+D50 -> 0
B54: TOTAL IN WORDS
A63: 1. Failure to fully complete the document (Annexure B) will be disqualified
A64: 2. Bidders to provide SAFCOL with market related rates as bidders who quotes within a certain market range will be appointed
A72: BIDDER'S NAME
A74: PLANTATION | C74: =Qoutation!$B$76 -> BELFAST
B78: CORE SILVICULTURE | D78: =Qoutation!H90 -> 0
B79: AD HOC ACTIVITIES | D79: =SUM(Qoutation!H105:J105) -> 0
C81: TOTAL | D81: =D78+D79 -> 0
C82: VAT @15% | D82: =D81*0.15 -> 0
B84: GRAND TOTAL | D84: =D81+D82 -> 0
B86: TOTAL IN WORDS
A95: 1. Failure to fully complete the document (Annexure B) will be disqualified
A96: 2. Bidders to provide SAFCOL with market related rates as bidders who quotes within a certain market range will be appointed
A104: BIDDER'S NAME
A106: PLANTATION | C106: =Qoutation!$B$112 -> BLYDE
B110: CORE SILVICULTURE | D110: =Qoutation!H126 -> 0
B111: AD HOC ACTIVITIES | D111: =SUM(Qoutation!H141:J141) -> 0
C113: TOTAL | D113: =D110+D111 -> 0
C114: VAT @15% | D114: =D113*0.15 -> 0
B116: GRAND TOTAL | D116: =D113+D114 -> 0
B118: TOTAL IN WORDS
A127: 1. Failure to fully complete the document (Annexure B) will be disqualified
A128: 2. Bidders to provide SAFCOL with market related rates as bidders who quotes within a certain market range will be appointed
A136: BIDDER'S NAME
A138: PLANTATION | C138: =Qoutation!$B$148 -> BROOKLANDS
B142: CORE SILVICULTURE | D142: =Qoutation!H162 -> 0
B143: AD HOC ACTIVITIES | D143: =SUM(Qoutation!H177:J177) -> 0
C145: TOTAL | D145: =D142+D143 -> 0
C146: VAT @15% | D146: =D145*0.15 -> 0
B148: GRAND TOTAL | D148: =D145+D146 -> 0
B150: TOTAL IN WORDS
A159: 1. Failure to fully complete the document (Annexure B) will be disqualified
A160: 2. Bidders to provide SAFCOL with market related rates as bidders who quotes within a certain market range will be appointed
A168: BIDDER'S NAME
A170: PLANTATION | C170: =Qoutation!$B$186 -> BERGVLIET
B174: CORE SILVICULTURE | D174: =Qoutation!H200 -> 0
B175: AD HOC ACTIVITIES | D175: =SUM(Qoutation!H215:J215) -> 0
C177: TOTAL | D177: =D174+D175 -> 0
C178: VAT @15% | D178: =D177*0.15 -> 0
B180: GRAND TOTAL | D180: =D177+D178 -> 0
B182: TOTAL IN WORDS
A191: 1. Failure to fully complete the document (Annexure B) will be disqualified
A192: 2. Bidders to provide SAFCOL with market related rates as bidders who quotes within a certain market range will be appointed
A200: BIDDER'S NAME
A202: PLANTATION | C202: =Qoutation!$B$223 -> WITKLIP
B206: CORE SILVICULTURE | D206: =Qoutation!H237 -> 0
B207: AD HOC ACTIVITIES | D207: =SUM(Qoutation!H252:J252) -> 0
C209: TOTAL | D209: =D206+D207 -> 0
C210: VAT @15% | D210: =D209*0.15 -> 0
B212: GRAND TOTAL | D212: =D209+D210 -> 0
B214: TOTAL IN WORDS
A223: 1. Failure to fully complete the document (Annexure B) will be disqualified
A224: 2. Bidders to provide SAFCOL with market related rates as bidders who quotes within a certain market range will be appointed

Sheet Sheet1
F1: Year 1 | H1: Year 2 | I1: Year 3
E2: Hourly Rate | F2: Daily Rate
A3: 1 | B3: Basic wage & Statutory costs | E3: 28.4 | F3: =E3*9 -> 255.6 | H3: =F3*1.08 -> 276.048 | I3: =H3*1.08 -> 298.13184
B4: Bonus pay per annum
B5: Sub-total Wages: | F5: =SUM(F3:F4) -> 255.6 | H5: =SUM(H3:H4) -> 276.048 | I5: =SUM(I3:I4) -> 298.13184
B6: What is your assessment rate with WCC? | E6: 0.0215 | F6: =$F$5*E6 -> 5.4954 | H6: =$H$5*E6 -> 5.935032 | I6: =$I$5*E6 -> 6.4098346
B7: What is your UIF contribution? (as % of total wages) | E7: 0.01 | F7: =$F$5*E7 -> 2.556 | H7: =$H$5*E7 -> 2.76048 | I7: =$I$5*E7 -> 2.9813184
B8: What % of net wage do you allow for medical expenses? | E8: 0.001 | F8: =$F$5*E8 -> 0.2556 | H8: =$H$5*E8 -> 0.276048 | I8: =$I$5*E8 -> 0.29813184
B9: What % of total remuneration do you allow for training? | E9: 0.021 | F9: =$F$5*E9 -> 5.3676 | H9: =$H$5*E9 -> 5.797008 | I9: =$I$5*E9 -> 6.2607686
B10: Provident/pension fund: What is your % contribution ? | E10: 0 | F10: =$F$5*E10 -> 0 | H10: =$H$5*E10 -> 0 | I10: =$I$5*E10 -> 0
B11: Sub-total: | F11: =SUM(F5:F10) -> 269.2746 | H11: =SUM(H5:H10) -> 290.81657 | I11: =SUM(I5:I10) -> 314.08189
A13: 2 | B13: Lost time recovery
B14: How many statutory leave days in this year? | E14: 13 | F14: =($F$11*E14)/251 -> 13.946493 | G14: divided by the number of available production days | H14: =($H$11*E14)/251 -> 15.062213 | I14: =($I$11*E14)/251 -> 16.26719
B15: How many days/labourer provided for sick leave/year? | E15: 5 | F15: =($F$11*E15)/251 -> 5.3640359 | H15: =($H$11*E15)/251 -> 5.7931587 | I15: =($I$11*E15)/251 -> 6.2566114
B16: How many days/labourer provided for leave/year? | E16: 15 | F16: =($F$11*E16)/251 -> 16.092108 | H16: =($H$11*E16)/251 -> 17.379476 | I16: =($I$11*E16)/251 -> 18.769834
B17: How many days provided for compassionate leave/ year? | E17: 1 | F17: =($F$11*E17)/251 -> 1.0728072 | H17: =($H$11*E17)/251 -> 1.1586317 | I17: =($I$11*E17)/251 -> 1.2513223
B18: How many days provided for training/ year? | E18: 2.5 | F18: =($F$11*E18)/251 -> 2.6820179 | H18: =($H$11*E18)/251 -> 2.8965794 | I18: =($I$11*E18)/251 -> 3.1283057
B19: How many days provided for un-productive time/ year? | E19: 1 | F19: =($F$11*E19)/251 -> 1.0728072 | H19: =($H$11*E19)/251 -> 1.1586317 | I19: =($I$11*E19)/251 -> 1.2513223
B20: Sub-total: | F20: =SUM(F14:F19) -> 40.230269 | H20: =SUM(H14:H19) -> 43.44869 | I20: =SUM(I14:I19) -> 46.924586
E21: %
B22: Sub-total: | F22: =F20+F11 -> 309.50487 | H22: =H20+H11 -> 334.26526 | I22: =I20+I11 -> 361.00648
B24: Working component | E24: Percent Contribution to the Rate
B25: Transport | E25: 12 | F25: =$F$22*(E25/100) -> 37.140584 | H25: =$H$22*(E25/100) -> 40.111831 | I25: =$I$22*(E25/100) -> 43.320777
B26: Medicals | E26: 1 | F26: =$F$22*(E26/100) -> 3.0950487 | H26: =$H$22*(E26/100) -> 3.3426526 | I26: =$I$22*(E26/100) -> 3.6100648
B27: Tools | E27: 3 | F27: =$F$22*(E27/100) -> 9.2851461 | H27: =$H$22*(E27/100) -> 10.027958 | I27: =$I$22*(E27/100) -> 10.830194
B28: PPE | E28: 5 | F28: =$F$22*(E28/100) -> 15.475243 | H28: =$H$22*(E28/100) -> 16.713263 | I28: =$I$22*(E28/100) -> 18.050324
B29: Training | E29: 5 | F29: =$F$22*(E29/100) -> 15.475243 | H29: =$H$22*(E29/100) -> 16.713263 | I29: =$I$22*(E29/100) -> 18.050324
B30: Overheads | E30: 8 | F30: =$F$22*(E30/100) -> 24.76039 | H30: =$H$22*(E30/100) -> 26.741221 | I30: =$I$22*(E30/100) -> 28.880518
B32: Sub-total Working component | F32: =SUM(F25:F30) -> 105.23166 | H32: =SUM(H25:H30) -> 113.65019 | I32: =SUM(I25:I30) -> 122.7422
B33: Total excluding markup | F33: =F22+F32 -> 414.73652 | H33: =H22+H32 -> 447.91545 | I33: =I22+I32 -> 483.74868
A34: 3 | B34: Mark-up | E34: 10 | F34: =F33*0.1 -> 41.473652 | H34: =H33*0.1 -> 44.791545 | I34: =I33*0.1 -> 48.374868
A37: 5 | B37: Tendered Unit rate | F37: =F33+F34 -> 456.21018 | G37: Ex Vat | H37: =H33+H34 -> 492.70699 | I37: =I33+I34 -> 532.12355
A39: 6 | B39: Unit rate | F39: =F37*1.15 -> 524.6417 | G39: Incl Vat | H39: =H37*1.15 -> 566.61304 | I39: =I37*1.15 -> 611.94208
